 Dungeon Crawl Stone Soup version 0.26.1-11-gd32895ea62 (webtiles) character file.

Game seed: 17714234691551604687

23 pcat the Grave Robber (level 2, 0/15 HPs)
             Began as a Deep Elf Necromancer on May 24, 2021.
             Slain by a jackal (1 damage)
             ... on level 1 of the Dungeon.
             The game lasted 00:02:07 (583 turns).

pcat the Grave Robber (Deep Elf Necromancer)         Turns: 583, Time: 00:02:08

Health: 0/15       AC:  2    Str:  5    XL:     2   Next: 75%
Magic:  4/8        EV: 13    Int: 19    God:
Gold:   5          SH:  0    Dex: 15    Spells: 5/7 levels left

rFire    . . .     SeeInvis .   d - +0 short sword
rCold    . . .     Faith    .   (no shield)
rNeg     . . .     Spirit   .   a - +0 robe
rPois    .         Reflect  .   (no helmet)
rElec    .         Harm     .   (no cloak)
rCorr    .         Rampage  .   (no gloves)
Will     .....                  (no boots)
Stlth    ++........             (no amulet)
HPRegen  0.05/turn              (no ring)
MPRegen  0.11/turn              (no ring)

@: no status effects
A: no striking features
a: no special abilities


You were on level 1 of the Dungeon.
You visited 1 branch of the dungeon, and saw 1 of its levels.

You collected 5 gold pieces.

Inventory:

Hand Weapons
 d - a +0 short sword (weapon)
Missiles
 b - 24 stones
Armour
 a - a +0 robe (worn)
Scrolls
 c - a scroll of identify {unknown}


   Skills:
 + Level 0.3 Fighting
 - Level 2.5 Dodging
 - Level 2.4 Stealth
 * Level 3.4 Spellcasting
 * Level 5.4 Necromancy


You had 5 spell levels left.
You knew the following spells:

 Your Spells              Type           Power        Failure   Level
a - Pain                  Necr           96%          1%          1
b - Animate Skeleton      Necr           48%          1%          1

Your spell library contained the following spells:

 Spells                   Type           Power        Failure   Level
 Vampiric Draining        Necr           12%          4%          3
 Animate Dead             Necr           12%          16%         4
 Agony                    Necr           24%          38%         5


Dungeon Overview and Level Annotations

Branches:
Dungeon (1/15)

Altars:


Message History

Casting: Pain (safe; 1% risk of failure)
Confirm with . or Enter, or press ? or * to list all spells.
Aiming: Pain (safe; 1% risk of failure)
Press: ? - help, Shift-Dir - straight line, f - hobgoblin
Aim: a hobgoblin, wielding a +0 club (chance to affect: 93%)
The hobgoblin writhes in agony.
The jackal misses you. The hobgoblin hits you with a +0 club.
* * * LOW HITPOINT WARNING * * *
The jackal bites you.
* * * LOW HITPOINT WARNING * * *
The giant cockroach waves its antennae.
The jackal bites you but does no damage.
Casting: Pain (safe; 1% risk of failure)
Confirm with . or Enter, or press ? or * to list all spells.
Aiming: Pain (safe; 1% risk of failure)
Press: ? - help, Shift-Dir - straight line, f/p - hobgoblin
Aim: a hobgoblin, wielding a +0 club (heavily wounded, chance to affect: 93%)
The jackal writhes in agony.
The jackal barely misses you. The jackal bites you.
You die...

.# #..........#.# .###. #. .####
#######.##.#.# #.#.# #. ....#
#.#..#.# #...# #. .##.# #.#.##.#
#...###. .##.#########.#.##.#
#...#...
###.#..........>...#######...#...
#.#.....####..#####............
#.#.......##..###l)............
#.#.....#.....@g.Bh............
#.#.....#.##...h#h##.#.#...#...
#.####..........#.##.#.#...#...
###.## ####....)....##.#.#...#.##
.....# #.##.#..####.#.#...#.#
....## #.##.#..####.#.#...#.#
#.#.# #............#.......#
.#..##########)############.####
#.....)...........# .#


You could see 3 jackals, a giant cockroach, a hobgoblin and a frilled lizard.

Vanquished Creatures
  2 oozes (D:1)
  A dart slug (D:1)
  A leopard gecko (D:1)
  A giant cockroach (D:1)
  2 goblins (D:1)
  2 hobgoblins (D:1)
  A jackal (D:1)
  A kobold (D:1)
  A rat (D:1)
12 creatures vanquished.

Notes
Turn   | Place    | Note
-------+----------+-------------------------------------------
     0 | D:1      | pcat the Deep Elf Necromancer began the quest for the Orb.
     0 | D:1      | Reached XP level 1. HP: 10/10 MP: 6/6
    18 | D:1      | Learned a level 1 spell: Animate Skeleton
    27 | D:1      | Reached skill level 5 in Necromancy
   163 | D:1      | Reached XP level 2. HP: 13/15 MP: 5/8
   583 | D:1      | Slain by a jackal

Illustrated notes

Levels and vault maps discovered:
D:1:      minmay_arrival_three_doors, layout_loops_cross

Skill      XL: |  1 |
---------------+----+-----
Necromancy     | 5 |  5.4
Fighting       | |  0.3
Dodging        | |  2.5
Stealth        | |  2.4
Spellcasting   | |  3.4

Action                   || total
-------------------------++-------
Melee: Short sword       ||     7
 Cast: Pain              ||    20
       Animate Skeleton  ||     3
 Stab: Sleeping          ||     1
Armor: Robe              ||     5
Dodge: Dodged            ||    13
